 Dungeon Crawl Stone Soup version 0.18.1-50-g88ac8fd (webtiles) character file.

118059 wyrdjoy the Executioner (level 16, -3/141 HPs)
             Began as a Minotaur Berserker on May 7, 2017.
             Was the Champion of Trog.
             Succumbed to a swamp dragon's poison gas
             ... on level 2 of the Swamp.
             The game lasted 02:39:07 (29529 turns).

wyrdjoy the Executioner (Minotaur Berserker)       Turns: 29529, Time: 02:39:11

Health: -3/141     AC: 19    Str: 27    XL:     16   Next: 24%
Magic:  18/18      EV: 12    Int:  4    God:    Trog [******]
Gold:   2528       SH:  0    Dex: 20    Spells: 0 memorised, 15 levels left

rFire  + . .     SeeInvis .     H - +3 battleaxe (vamp)
rCold  + + .     Gourm    .     p - +2 plate armour {rF+}
rNeg   . . .     Faith    .     (shield currently unavailable)
rPois  .         Spirit   .     (helmet restricted)
rElec  .         Dismiss  .     S - +0 cloak {MR+}
rCorr  .         Reflect  .     Y - +1 pair of gloves
SustAt .         Harm     .     P - +1 pair of boots
MR     ++++.                    I - amulet of regeneration
Stlth  ..........               a - ring of the Scarab {rC++ Str+5 Dex+3}
                                h - +3 ring of evasion

@: lethally poisoned (-3 -> -44), exhausted, regenerating, slowed, very slow,
incredibly resistant to hostile enchantments, extremely unstealthy
A: retaliatory headbutt, horns 2, deformed body
a: Berserk, Trog's Hand, Brothers in Arms, Burn Spellbooks, Renounce Religion


You were on level 2 of the Swamp.
You worshipped Trog.
Trog was exalted by your worship.
You were full.

You visited 4 branches of the dungeon, and saw 27 of its levels.
You also visited: Ice Cave.

You collected 2890 gold pieces.
You spent 362 gold pieces at shops.

Inventory:

Hand Weapons
 c - a +1 antimagic executioner's axe
 H - a +3 vampiric battleaxe (weapon)
 J - a +10 antimagic battleaxe
Armour
 p - a +2 plate armour of fire resistance (worn)
 K - a swamp dragon hide
 P - a +1 pair of boots (worn)
 S - a +0 cloak of magic resistance (worn)
 Y - a +1 pair of gloves (worn)
Jewellery
 a - the ring of the Scarab (right hand) {rC++ Str+5 Dex+3}
   (You found it on level 2 of the Lair of Beasts)

   [ring of strength]

   It affects your strength (+5).
   It affects your dexterity (+3).
   It greatly protects you from cold.
 d - an uncursed ring of protection from magic
 h - a +3 ring of evasion (left hand)
 r - an uncursed ring of positive energy
 s - an uncursed amulet of dismissal
 z - an uncursed ring of resist corrosion
 I - an amulet of regeneration (around neck)
 N - an uncursed ring of protection from fire
Wands
 m - a wand of acid (8/15)
 v - a wand of slowing (26/48)
 y - a wand of teleportation (0/9)
 A - a wand of lightning (8/15)
 D - a wand of confusion (25/48)
 G - a wand of iceblast (6/15)
 M - a wand of disintegration (11/24)
 O - a wand of iceblast (6/15)
 Z - a wand of paralysis (10/24)
Scrolls
 b - 2 scrolls of immolation
 g - 4 scrolls of fog
 i - 2 scrolls of fear
 n - 3 scrolls of magic mapping
 q - 3 scrolls of blinking
 u - 11 scrolls of remove curse
 w - 3 scrolls of teleportation
 C - 2 scrolls of holy word
 F - 2 scrolls of enchant weapon
 R - 2 scrolls of silence
 U - a scroll of recharging
Potions
 e - 15 potions of curing {unknown}
 k - 2 potions of resistance
 o - a potion of agility
 t - 5 potions of haste
 x - 4 potions of flight
 B - a potion of heal wounds
 E - a potion of ambrosia
 L - a potion of cancellation
 W - a potion of invisibility
Miscellaneous
 f - a box of beasts
Comestibles
 j - 6 meat rations
 l - a bread ration


   Skills:
 + Level 12.8 Fighting
 - Level 26.1 Axes
 + Level 12.5 Armour
 - Level 2.1 Dodging
 - Level 4.9 Evocations


You had 15 spell levels left.
You didn't know any spells.

Dungeon Overview and Level Annotations

Branches:
Dungeon (15/15)            Temple (0/1) D:5            Lair (8/8) D:8
  Swamp (2/4) Lair:6       Spider (0/4) Lair:3        Slime (0/6) Lair:8
    Orc (2/2) D:10            Elf (0/3) Orc:2        Vaults (0/5) D:13
 Depths (0/5) D:15

Altars:
Cheibriados
Elyvilon
Fedhas
Gozag
Ru
Sif Muna
Vehumet
Xom
Yredelemnul
Zin
Beogh
Jiyva

Shops:
Orc:2 [(}*


Innate Abilities, Weirdness & Mutations

You reflexively headbutt those who attack you in melee.
You have a pair of horns on your head.
Armour fits poorly on your strangely shaped body.


Message History

You feel very sick.
You feel a strong urge to attack something.
* * * LOW HITPOINT WARNING * * *
You feel extremely sick.
* * * LOW HITPOINT WARNING * * *
You feel very sick.
You feel your anger subside.
You are no longer berserk.
You are exhausted.
You feel yourself slow down.
You are feeling hungry.
* * * LOW HITPOINT WARNING * * *
You feel very sick.
Eat which item? (? for menu, Esc to quit)
* * * LOW HITPOINT WARNING * * *
You feel extremely sick.
You continue eating.
* * * LOW HITPOINT WARNING * * *
You feel extremely sick.
You continue eating.
You die...

♣.≈≈≈.....##......♣♣♣♣..♣♣♣♣≈.
≈..≈.≈....##...≈.♣♣≈≈≈.♣..≈.♣♣
♣.♣....≈...#..≈≈.....≈≈♣.≈≈≈.♣
♣♣♣♣≈≈....##..≈≈..≈≈.≈[≈≈.≈.≈♣♣♣
♣♣...≈..≈#..≈..................
♣♣≈...≈.≈≈##≈.≈§...≈..≈......≈≈≈
≈≈..(....≈.#≈.........§D.....≈≈.
..≈.♣♣..≈♣...≈..≈†≈♣♣≈♣♣♣≈....≈♣
.♣......≈≈.≈.≈≈.@.≈♣♣♣♣ ♣♣♣♣≈♣♣
≈≈...≈..≈≈♣...♣♣♣♣♣♣
≈.≈....†..♣.≈≈♣ ..≈♣≈♣≈..≈≈♣.♣♣
♣.♣...≈≈[.≈.♣♣ ..≈♣..≈.....♣
♣≈♣≈≈≈♣..≈.♣♣ ♣♣♣♣.♣......♣
♣♣♣♣..♣.♣♣


There were no monsters in sight!

Vanquished Creatures
  2 thorn hunters (Swamp:1)
  Nessos (D:12)
  2 ice dragons (IceCv)
  A rakshasa (D:10)
  6 hydras
  6 catoblepae
  2 death knights (D:13)
  An ogre mage (D:15)
  2 alligators
  2 centaur warriors
  A tengu warrior (D:14)
  18 death yaks
  Urug (Lair:3)
  3 orc high priests (Orc:2)
  10 slime creatures
  A skeletal warrior (D:13)
  The ghost of mdk the Destroyer, a novice DECj of Vehumet (Lair:1)
  An unseen horror (D:15)
  3 swamp dragons
  A phantasmal warrior (D:13)
  A harpy (shapeshifter) (D:13)
  A mana viper (shapeshifter) (D:14)
  8 hill giants
  A wizard (D:15)
  6 orc knights
  A wolf spider zombie (D:13)
  2 deep elf magi
  5 orc sorcerers
  15 ugly things
  3 griffons
  An oklob plant (Lair:5)
  18 elephants
  6 cyclopes
  2 ice statues (IceCv)
  A naga mage (D:15)
  3 black mambas
  2 gargoyles
  12 spiny frogs
  A yaktaur (D:15)
  5 centaur skeletons
  A komodo dragon (shapeshifter) (D:13)
  3 rime drakes
  8 komodo dragons
  2 kobold demonologists (D:15)
  2 freezing wraiths
  A polar bear (shapeshifter) (D:13)
  A tengu conjurer (D:14)
  6 trolls
  2 jumping spiders (Lair:3)
  A polar bear (Lair:5)
  5 two-headed ogres
  A giant leech (Lair:6)
  25 blink frogs
  3 bog bodies
  A boulder beetle (Lair:8)
  A vampire (D:13)
  3 shadows
  A wraith (D:13)
  2 redbacks (Lair:3)
  A spriggan (Swamp:2)
  A wyvern (D:15)
  A steam dragon (D:12)
  35 yaks
  11 hippogriffs
  The ghost of Crash the Ducker, an amateur DsGl of Qazlal (D:6)
  A basilisk (Lair:3)
  A hungry ghost (D:8)
  8 vampire mosquitoes
  6 insubstantial wisps
  A warg (D:15)
  5 swamp worms
  Menkaure (D:4)
  A soldier ant (D:14)
  15 water moccasins
  2 hell hounds (D:8)
  24 orc warriors
  11 porcupines
  An eye of draining (D:15)
  6 swamp drakes
  4 sky beasts
  23 ice beasts
  6 necrophages
  6 phantoms
  3 wasps
  17 ogres
  3 black bears
  17 centaurs
  15 wolves
  9 crocodiles
  2 big kobolds (D:15)
  Blork the orc (D:6)
  19 giant frogs
  A gnoll sergeant (D:10)
  7 scorpions
  11 killer bees
  4 howler monkeys (D:8)
  10 wights
  2 jellies
  2 giant frog zombies
  9 crimson imps
  3 centaur zombies
  A quasit (D:7)
  7 hounds
  2 giant frog skeletons (D:10)
  A wasp zombie (D:8)
  20 orc priests
  26 orc wizards
  4 iguanas
  14 worker ants
  11 sheep
  A hound skeleton (D:6)
  A howler monkey zombie (D:7)
  A worker ant zombie (D:9)
  11 gnolls
  10 adders
  63 river rats
  3 shadow imps
  12 white imps (D:12)
  An ooze (D:2)
  An adder zombie (D:10)
  3 adder skeletons
  2 worms (D:2)
  2 dart slugs
  7 giant geckos
  78 orcs
  5 ball pythons
  2 giant cockroaches
  4 goblins
  6 hobgoblins
  10 jackals
  7 kobolds
  4 quokkas
  A ball python skeleton (D:5)
  6 bats
  A giant cockroach zombie (D:6)
  6 giant newts
  A jackal skeleton (D:6)
  2 quokka skeletons (D:4)
  8 rats
  5 briar patches (Swamp:1)
  A fulminant prism (Lair:1)
  8 fungi
  8 plants
902 creatures vanquished.

Vanquished Creatures (collateral kills)
  A hydra (Lair:8)
1 creature vanquished.

Vanquished Creatures (others)
  An orc wizard (Orc:2)
  A dart slug (D:3)
  A kobold (D:3)
  A rat (D:3)
  A fulminant prism (Lair:1)
  11 fungi
  5 plants
21 creatures vanquished.

Grand Total: 924 creatures vanquished

Notes
Turn   | Place    | Note
--------------------------------------------------------------
     0 | D:1      | wyrdjoy the Minotaur Berserker began the quest for the Orb.
     0 | D:1      | Reached XP level 1. HP: 19/19 MP: 0/0
    31 | D:1      | Reached skill level 4 in Axes
   247 | D:1      | Reached XP level 2. HP: 26/26 MP: 1/1
   822 | D:1      | Reached skill level 5 in Axes
   890 | D:2      | Reached XP level 3. HP: 21/31 MP: 2/2
  1033 | D:2      | Reached ** piety under Trog
  1808 | D:3      | Reached skill level 6 in Axes
  1808 | D:3      | Reached XP level 4. HP: 29/39 MP: 3/3
  1817 | D:3      | Found a sacrificial altar of Ru.
  2520 | D:4      | Reached skill level 7 in Axes
  2520 | D:4      | Reached XP level 5. HP: 35/45 MP: 4/4
  2522 | D:4      | Reached *** piety under Trog
  2917 | D:4      | Noticed Menkaure
  2923 | D:4      | Killed Menkaure
  2923 | D:4      | Reached skill level 8 in Axes
  2923 | D:4      | Reached XP level 6. HP: 51/51 MP: 5/5
  3278 | D:5      | Entered Level 5 of the Dungeon
  3296 | D:5      | Reached skill level 9 in Axes
  3483 | D:5      | Found a blossoming altar of Fedhas.
  3489 | D:5      | Found a staircase to the Ecumenical Temple.
  3541 | D:5      | Found a glowing silver altar of Zin.
  3624 | D:5      | Reached XP level 7. HP: 57/57 MP: 6/6
  3679 | D:5      | Reached skill level 10 in Axes
  3726 | D:5      | Found a snail-covered altar of Cheibriados.
  4417 | D:6      | Noticed Blork the orc
  4424 | D:6      | Killed Blork the orc
  4424 | D:6      | Reached skill level 11 in Axes
  4657 | D:6      | Noticed Crash's ghost (amateur DsGl)
  4667 | D:6      | Killed Crash's ghost
  4667 | D:6      | Reached XP level 8. HP: 64/64 MP: 7/7
  4672 | D:6      | Reached skill level 12 in Axes
  4814 | D:6      | Found a shimmering altar of Xom.
  5216 | D:7      | Reached skill level 13 in Axes
  5390 | D:7      | Reached XP level 9. HP: 70/70 MP: 8/8
  5552 | D:7      | Reached skill level 14 in Axes
  5734 | D:7      | Reached **** piety under Trog
  6054 | D:8      | Found a staircase to the Lair.
  6618 | D:8      | Reached skill level 15 in Axes
  6910 | D:8      | Reached skill level 16 in Axes
  6945 | D:7      | Found a white marble altar of Elyvilon.
  7442 | D:8      | Reached XP level 10. HP: 77/77 MP: 9/9
  7601 | D:8      | Found a deep blue altar of Sif Muna.
  8238 | D:9      | Identified the Catalogue of Bewitchment and Cold
  8405 | D:9      | Found an opulent altar of Gozag.
  8444 | D:10     | Entered Level 10 of the Dungeon
  8934 | D:9      | Reached skill level 17 in Axes
  9450 | D:10     | Received a gift from Trog
  9503 | D:10     | Noticed a hill giant
  9508 | D:10     | Killed a hill giant
  9740 | D:10     | Reached skill level 18 in Axes
  9793 | D:10     | Noticed a hill giant
  9798 | D:10     | Killed a hill giant
  9936 | D:10     | Noticed a rakshasa
  9947 | D:10     | Killed a rakshasa
  9947 | D:10     | Reached XP level 11. HP: 81/81 MP: 10/10
 10128 | D:10     | Reached skill level 19 in Axes
 10146 | D:10     | Found a staircase to the Orcish Mines.
 10424 | Lair:1   | Entered Level 1 of the Lair of Beasts
 10462 | Lair:1   | Reached ***** piety under Trog
 10651 | Lair:1   | Noticed a five-headed hydra
 10658 | Lair:1   | Killed a six-headed hydra
 10751 | Lair:1   | Noticed mdk's ghost (novice DECj)
 10764 | Lair:1   | Killed mdk's ghost
 11276 | Lair:2   | Reached skill level 20 in Axes
 11445 | Lair:2   | Got a coiled lapis lazuli ring
 11447 | Lair:2   | Identified the ring of the Scarab {rC++ Str+5 Dex+3} (You found it on level 2 of the Lair of Beasts)
 12814 | Lair:3   | Reached skill level 21 in Axes
 12835 | Lair:3   | Noticed Urug
 13006 | Lair:3   | Reached XP level 12. HP: 32/90 MP: 11/11
 13033 | Lair:3   | Received a gift from Trog
 13189 | Lair:3   | Killed Urug
 13560 | Lair:3   | Found a hole to the Spider Nest.
 13868 | Lair:4   | Reached skill level 22 in Axes
 14278 | Lair:4   | Noticed a four-headed hydra
 14291 | Lair:4   | Killed a six-headed hydra
 14760 | Lair:5   | Reached skill level 5 in Fighting
 14894 | Lair:5   | Got a translucent shortbow
 14895 | Lair:5   | Identified the +9 shortbow "Limai" {flame, *Drain rF+ Str+3} (You found it on level 5 of the Lair of Beasts)
 15114 | Lair:5   | Reached skill level 5 in Armour
 15523 | Lair:6   | Reached XP level 13. HP: 102/102 MP: 4/12
 15750 | Lair:6   | Found a radiant altar of Vehumet.
 16069 | Lair:6   | Received a gift from Trog
 16207 | Lair:6   | Found a staircase to the Swamp.
 16829 | Lair:7   | Found a basalt altar of Yredelemnul.
 16888 | Lair:7   | Reached ****** piety under Trog
 17039 | Lair:7   | Received a gift from Trog
 17329 | Lair:7   | Reached skill level 10 in Fighting
 17467 | Lair:7   | Identified 3 scrolls of acquirement
 17581 | Lair:8   | Entered Level 8 of the Lair of Beasts
 17626 | Lair:8   | Reached skill level 23 in Axes
 17947 | Lair:8   | Found a viscous altar of Jiyva.
 17948 | Lair:8   | Found a staircase to the Slime Pits.
 18183 | Lair:8   | Reached XP level 14. HP: 121/121 MP: 13/13
 18745 | Lair:8   | Reached skill level 24 in Axes
 19110 | Orc:1    | Entered Level 1 of the Orcish Mines
 19408 | Orc:1    | Received a gift from Trog
 19409 | Orc:1    | Got a jewelled battleaxe {god gift}
 19410 | Orc:1    | Identified the +5 battleaxe of the Beast {drain, Dex+2} (Trog gifted it to you on level 1 of the Orcish Mines)
 19540 | Orc:1    | Found a roughly hewn altar of Beogh.
 19603 | Orc:1    | Found a roughly hewn altar of Beogh.
 19877 | Orc:2    | Entered Level 2 of the Orcish Mines
 19940 | Orc:2    | Found a staircase to the Elven Halls.
 20355 | Orc:2    | Gained mutation: You are frail (-10% HP). [a neqoxec]
 20357 | Orc:2    | Gained mutation: Your body sometimes deteriorates upon taking damage. [a neqoxec]
 20501 | Orc:2    | Gained mutation: Armour fits poorly on your strangely shaped body. [a neqoxec]
 20547 | Orc:2    | Received a gift from Trog
 21062 | Orc:2    | Found a roughly hewn altar of Beogh.
 21214 | Orc:2    | Found Ahinekk's General Store.
 21214 | Orc:2    | Found Tahael's Antique Armour Shop.
 21216 | Orc:2    | Found Osmiyn's Gadget Shoppe.
 21216 | Orc:2    | Found Toidan's Weapon Shop.
 21222 | Orc:2    | Bought a scroll of identify for 30 gold pieces
 21228 | Orc:2    | Bought a pair of bloodstained gloves for 332 gold pieces
 21238 | Orc:2    | Identified the +2 pair of gloves of Bedevilment {rF- rN+++ Dex+3 SInv} (You bought it in a shop on level 2 of the Orcish Mines)
 21582 | D:11     | Reached skill level 25 in Axes
 22118 | D:12     | Found a frozen archway.
 22125 | D:12     | Received a gift from Trog
 22154 | IceCv    | Entered an ice cave
 22268 | IceCv    | Reached skill level 10 in Armour
 22270 | IceCv    | Reached skill level 1 in Evocations
 22721 | D:12     | Reached XP level 15. HP: 114/114 MP: 15/15
 22808 | D:12     | Noticed Nessos
 22817 | D:12     | Killed Nessos
 23642 | D:13     | Found a gate to the Vaults.
 24425 | D:13     | Received a gift from Trog
 25554 | D:15     | Entered Level 15 of the Dungeon
 26164 | D:15     | Received a gift from Trog
 26679 | D:15     | Found a staircase to the Depths.
 26697 | D:15     | Reached skill level 26 in Axes
 28075 | Swamp:1  | Entered Level 1 of the Swamp
 28194 | D:8      | Gained mutation: Your magical capacity is low (-10% MP). [potion of mutation]
 28194 | D:8      | Gained mutation: Your movements are slightly less encumbered by armour (ER -2). [potion of mutation]
 28194 | D:8      | Gained mutation: Your flesh is heat resistant. [potion of mutation]
 28195 | D:8      | Lost mutation: Your movements are slightly less encumbered by armour (ER -2). [potion of mutation]
 28195 | D:8      | Gained mutation: You are dopey. (Int -2) [potion of mutation]
 28195 | D:8      | Lost mutation: You are dopey. (Int -2) [potion of mutation]
 28196 | D:8      | Lost mutation: You are frail (-10% HP). [potion of cure mutation]
 28196 | D:8      | Lost mutation: Your flesh is heat resistant. [potion of cure mutation]
 28196 | D:8      | Lost mutation: Your body sometimes deteriorates upon taking damage. [potion of cure mutation]
 28196 | D:8      | Lost mutation: Your magical capacity is low (-10% MP). [potion of cure mutation]
 28457 | Swamp:1  | Noticed a thorn hunter
 28473 | Swamp:1  | Killed a thorn hunter
 28473 | Swamp:1  | Reached XP level 16. HP: 114/139 MP: 18/18
 28615 | Swamp:1  | Noticed a thorn hunter
 28628 | Swamp:1  | Killed a thorn hunter
 29023 | Swamp:1  | Received a gift from Trog
 29528 | Swamp:2  | HP: 4/141 [poisoned by a swamp dragon (poison gas)]
 29529 | Swamp:2  | Succumbed to a swamp dragon's poison gas

Skill      XL: |  1  2  3  4  5  6  7  8  9 10 11 12 13 14 15 16 |
---------------+-------------------------------------------------+-----
Axes           | 4 5 6 7 8 9 11 13 16 18 21 22 23 25 26 | 26.1
Fighting       | 6 10 11 12 | 12.8
Armour         | 5 9 10 11 12 | 12.5
Evocations     | 1 4 |  4.9
Dodging        | |  2.1

Action                   |  1- 3 |  4- 6 |  7- 9 | 10-12 | 13-15 | 16-18 || total
-------------------------+-------+-------+-------+-------+-------+-------++-------
Melee: Hand axe          |    94 |    87 |   388 |   111 |       |       ||   680
       Headbutt          |    13 |    12 |    79 |   136 |   362 |    35 ||   637
       War axe           |       |       |       |   356 |       |       ||   356
       Battleaxe         |       |       |       |   158 |  1106 |   118 ||  1382
Invok: Berserk           |     1 |     5 |     5 |    19 |    27 |     4 ||    61
       Trog's Hand       |     1 |     1 |       |     2 |     1 |     1 ||     6
       Burn Spellbooks   |       |       |       |     2 |     3 |       ||     5
       Brothers in Arms  |       |       |       |       |     1 |       ||     1
Evoke: Wand              |       |       |     7 |       |     2 |       ||     9
  Use: Scroll            |       |       |       |    19 |    17 |     1 ||    37
       Potion            |       |       |       |     3 |     3 |       ||     6
 Stab: Petrifying        |       |       |       |       |     4 |       ||     4
       Confused          |       |       |       |       |       |     1 ||     1
  Eat: Chunk             |     4 |     7 |    17 |    30 |    45 |     1 ||   104
       Pizza             |       |     1 |     1 |       |     5 |       ||     7
       Beef jerky        |       |     1 |       |       |     4 |       ||     5
       Meat ration       |       |       |       |     2 |     5 |     3 ||    10
       Fruit             |       |       |       |     6 |     1 |       ||     7
       Bread ration      |       |       |       |       |     2 |       ||     2
Armor: Animal skin       |     9 |     3 |       |       |       |       ||    12
       Chain mail        |       |    10 |    77 |       |       |       ||    87
       Plate armour      |       |       |    63 |   282 |   422 |    68 ||   835
Dodge: Dodged            |    82 |    51 |   139 |   234 |   413 |    67 ||   986
